 Dungeon Crawl Stone Soup version 0.30.0 (webtiles) character file.

Game seed: 12027634173253881582

213 Persephone the Shooter (level 5, -3/31 HPs)
             Began as a Gargoyle Hunter on May 5, 2023.
             Slain by Crazy Yiuf
             ... wielding a +2 quarterstaff of chaos
              (7 damage)
             ... on level 3 of the Dungeon.
             The game lasted 00:03:00 (1899 turns).

Persephone the Shooter (Gargoyle Hunter)            Turns: 1899, Time: 00:03:01

Health: -3/31      AC:  7    Str: 15    XL:     5   Next: 90%
Magic:  5/5        EV: 12    Int:  9    God:
Gold:   108        SH:  0    Dex: 21    Spells: 4/4 levels left

rFire   + . .        a - +0 shortbow
rCold   + . .        (shield currently unavailable)
rNeg    + . .        c - +0 leather armour
rPois   ∞            (no helmet)
rElec   +            (no cloak)
rCorr   +            (no gloves)
SInv    .            (no boots)
Will    .....        (no amulet)
Stlth   ++           j - +6 ring of dexterity
HPRegen 0.25/turn    (no ring)
MPRegen 0.09/turn

%: no passive effects
@: resistant
A: sickness immunity, AC +4, negative energy resistance 1, electricity
resistance, torment resistance 1, petrification resistance
a: no special abilities


You were on level 3 of the Dungeon.
You visited 1 branch of the dungeon, and saw 3 of its levels.

You collected 108 gold pieces.

Inventory:

Hand Weapons
 a - a +0 shortbow (weapon)
Armour
 c - a +0 leather armour (worn)
Jewellery
 j - a +6 ring of dexterity (left hand)
Wands
 p - a wand of mindburst (21)
 s - a wand of roots (9)
Scrolls
 b - a scroll of immolation
 e - 3 scrolls of acquirement {unknown}
 f - a scroll of summoning {unknown}
 h - a scroll of amnesia {unknown}
 i - 2 scrolls of brand weapon {unknown}
 l - 4 scrolls of identify {unknown}
 o - 3 scrolls of teleportation {unknown}
 r - a scroll of blinking {unknown}
Potions
 d - a potion of attraction {unknown}
 g - a potion of cancellation {unknown}
 k - a potion of mutation {unknown}
 m - a potion of berserk rage {unknown}
 n - a potion of curing {unknown}
 q - a potion of degeneration {unknown}


   Skills:
 - Level 2.4 Fighting
 + Level 6.7 Ranged Weapons
 - Level 1.7 Dodging
 - Level 1.5 Stealth


You had 4 spell levels left.
You didn't know any spells.
Your spell library contained the following spells:

 Spells                   Type           Power      Damage    Failure   Level
 Apportation              Tloc           0%         N/A       45%         1
 Necrotise                Necr           0%         1d4       45%         1
 Sting                    Tmut/Pois      0%         1d3       45%         1
 Summon Small Mammal      Summ           0%         N/A       45%         1
 Poisonous Vapours        Pois/Air       0%         N/A       58%         2
 Yara's Violent Unravell  Hex/Tmut       0%         3d3       100%        5
 Storm Form               Tmut/Air       0%         N/A       100%        7


Dungeon Overview and Level Annotations

Branches:
Dungeon (3/15)

Altars:
Dithmenos
Ru
Sif Muna
Trog

Shops:
D:2 [:*   D:3 :

Annotations:
D:3 Crazy Yiuf


Innate Abilities, Weirdness & Mutations

You are immune to sickness and miasma.
Your stone body is resilient. (AC +4)
You are immune to poison.
You resist negative energy. (rN+)
You are resistant to electric shocks. (rElec)
You are resistant to unholy torment.
You are immune to petrification.


Message History

You see here a +0 hammer.
You open the door. You shoot an arrow. The arrow hits Crazy Yiuf.
Crazy Yiuf is lightly wounded.
Crazy Yiuf hits you with a +2 quarterstaff of chaos.
You shoot an arrow. The arrow hits Crazy Yiuf.
Crazy Yiuf is moderately wounded.
Crazy Yiuf hits you with a +2 quarterstaff of chaos!
You feel protected.
Fire: a) +0 shortbow
Press: ? - help, Shift-Dir - straight line, f/p - Crazy Yiuf
Aim: Crazy Yiuf, wielding a +2 quarterstaff of chaos and wearing a +0 cloak (moderately wounded, 69% to hit)
You shoot an arrow.
The arrow hits Crazy Yiuf but does no damage.
Crazy Yiuf is moderately wounded.
Crazy Yiuf hits you with a +2 quarterstaff of chaos!
* * * LOW HITPOINT WARNING * * *
Crazy Yiuf freezes you.
* * * LOW HITPOINT WARNING * * *
Fire: a) +0 shortbow
Press: ? - help, Shift-Dir - straight line, f/p - Crazy Yiuf
Aim: Crazy Yiuf, wielding a +2 quarterstaff of chaos and wearing a +0 cloak (moderately wounded, 69% to hit)
You shoot an arrow. The arrow hits Crazy Yiuf!
Crazy Yiuf is almost dead.
Crazy Yiuf hits you but does no damage.
Fire: a) +0 shortbow
Press: ? - help, Shift-Dir - straight line, f/p - Crazy Yiuf
Aim: Crazy Yiuf, wielding a +2 quarterstaff of chaos and wearing a +0 cloak (almost dead, 69% to hit)
You shoot an arrow. The arrow hits Crazy Yiuf.
Crazy Yiuf is almost dead.
Crazy Yiuf misses you. Crazy Yiuf closely misses you.
Fire: a) +0 shortbow
Press: ? - help, Shift-Dir - straight line, f/p - Crazy Yiuf
Aim: Crazy Yiuf, wielding a +2 quarterstaff of chaos and wearing a +0 cloak (almost dead, 69% to hit)
You shoot an arrow.
The arrow hits Crazy Yiuf but does no damage.
Crazy Yiuf is almost dead.
Crazy Yiuf yells, "Tonal turtle shrimp!"
Crazy Yiuf hits you with a +2 quarterstaff of chaos!
You die...

......# #.##.###.##.#
..#.### #.##...#.##.#
..#.# #.##...#.##.#
#######
..#.##################
#...... ..#......#
###.##### #.########
#...# #.# ### ♣######
#.# #)))#♣♣ ♣♣♣.#.##
#.##
#.))g@♣♣♣♣......####
#..##
#)))#♣))♣)PP.......#
#...# ###
♣♣♣)♣)P.#####.# #...#
♣♣♣♣♣## #.# #.♣.# #.#
#.♣.######## #>#
#.♣......#.# #.#
#.♣.####.#.## ###.###
#...# #.....####
#......


You could see Crazy Yiuf.

Vanquished Creatures
  A phantom (D:2)
  Jessica (D:3)
  Ijyb (D:3)
  Robin (D:3)
  A worm (D:2)
  4 dart slugs (D:1)
  2 orcs (D:3)
  3 endoplasms (D:1)
  2 giant cockroaches
  12 goblins
  11 hobgoblins
  3 kobolds
  A quokka (D:1)
  3 ball pythons (D:3)
  4 bats
  3 frilled lizards
  5 rats
58 creatures vanquished.

Vanquished Creatures (others)
  2 fungi (D:3)
2 creatures vanquished.

Grand Total: 60 creatures vanquished

Notes
Turn   | Place    | Note
-------+----------+-------------------------------------------
     0 | D:1      | Persephone the Gargoyle Hunter began the quest for the Orb.
     0 | D:1      | Reached XP level 1. HP: 12/12 MP: 1/1
    21 | D:1      | Reached XP level 2. HP: 18/18 MP: 2/2
   212 | D:1      | Got Sif Muna's Vellum of the Infected Switch
   326 | D:1      | Reached XP level 3. HP: 22/22 MP: 3/3
   658 | D:2      | Found Imanaoni's Armour Shop.
   667 | D:2      | Noticed a phantom
   686 | D:2      | Killed a phantom
   687 | D:2      | Reached skill level 5 in Ranged Weapons
   687 | D:2      | Reached XP level 4. HP: 17/27 MP: 4/4
   744 | D:2      | Reached XP level 5. HP: 31/31 MP: 5/5
   797 | D:2      | Found Xaukhil's General Store.
   857 | D:2      | Found Zannetri's Book Shop.
  1051 | D:3      | Found a bloodstained altar of Trog.
  1120 | D:3      | Noticed Ijyb
  1129 | D:3      | Killed Ijyb
  1130 | D:3      | Reached skill level 6 in Ranged Weapons
  1316 | D:3      | Found a shimmering blue altar of Sif Muna.
  1400 | D:3      | Noticed Robin
  1409 | D:3      | Killed Robin
  1471 | D:3      | Found a sacrificial altar of Ru.
  1502 | D:3      | Found Jitut's Book Emporium.
  1575 | D:3      | Found a shadowy altar of Dithmenos.
  1682 | D:3      | Noticed Jessica
  1687 | D:3      | Killed Jessica
  1889 | D:3      | Found a runed translucent door.
  1890 | D:3      | Noticed Crazy Yiuf
  1899 | D:3      | Slain by Crazy Yiuf

Illustrated notes

Levels and vault maps discovered:
D:1:      psy_arrival_radial01, layout_basic
D:2:      layout_basic, basic_altar, serial_shops, nicolae_shop_statue_plus,
          nicolae_shop_crystal, shop, nicolae_shop_getting_attention,
          nicolae_shop_bloodbath_and_beyond
D:3:      layout_loops_ring, mainiacjoe_overflow_alcove_2,
          mainiacjoe_overflow_boulevard, lemuel_crystal_altar,
          nicolae_dithmenos_the_darkroom, serial_shops,
          nicolae_shop_back_alley_shop, uniq_crazy_yiuf_cottage, uniq_robin,
          uniq_jessica, uniq_ijyb

Skill      XL: |  1  2  3  4  5 |
---------------+----------------+-----
Ranged Weapons | 5 6 |  6.7
Fighting       | |  2.4
Dodging        | |  1.7
Stealth        | |  1.5

Action                     |  1- 3 |  4- 6 || total
---------------------------+-------+-------++-------
   Fire: Shortbow          |    68 |    93 ||   161
 Armour: Leather armour    |     6 |    16 ||    22
  Dodge: Dodged            |    12 |    16 ||    28
